 Dungeon Crawl Stone Soup version 0.19-a0-1932-g59670f6 (webtiles) character file.

2908 Ijustatesigmund the Fighter (level 9, -2/83 HPs)
             Began as a Minotaur Wizard on Oct 24, 2016.
             Succumbed to a gnoll sergeant's poison
             ... on level 7 of the Dungeon on Oct 25, 2016.
             The game lasted 00:29:20 (7850 turns).

Ijustatesigmund the Fighter (Minotaur Wizard)       Turns: 7850, Time: 00:29:21

Health: -2/83      AC: 15    Str: 10 (11) XL:     9   Next: 49%
Magic:  13/13      EV: 13    Int: 13 (15) God:
Gold:   377        SH:  0    Dex: 11 (13) Spells: 3 memorised, 10 levels left

rFire  . . .     SeeInvis .     F - +3 flail
rCold  . . .     Gourm    .     m - +0 leather armour
rNeg   . . .     Faith    .     (no shield)
rPois  .         Spirit   .     b - +0 hat
rElec  .         Reflect  .     k - +0 cloak
rCorr  .         Harm     +     w - +2 pair of gloves
MR     .....                    s - +2 pair of boots
Stlth  +.........               i - amulet of harm
                                p - +5 ring of protection
                                K - ring of wizardry

@: lethally poisoned (-2 -> -52), repel missiles
A: retaliatory headbutt, horns 2
a: no special abilities


You were on level 7 of the Dungeon.
You were hungry.

You visited 1 branch of the dungeon, and saw 7 of its levels.

You collected 490 gold pieces.
You spent 113 gold pieces at shops.

Inventory:

Hand Weapons
 F - a +3 flail (weapon)
Missiles
 o - 11 tomahawks (quivered)
 r - 7 tomahawks of dispersal
Armour
 b - a +0 hat (worn)
 k - a +0 cloak (worn)
 m - a +0 leather armour (worn)
 s - a +2 pair of boots (worn)
 w - a +2 pair of gloves (worn)
Jewellery
 e - an uncursed ring of protection from fire
 i - an amulet of harm (around neck)
 p - a +5 ring of protection (right hand)
 u - an uncursed ring of ice
 y - an uncursed amulet of magic regeneration {unknown}
 K - a ring of wizardry (left hand)
Wands
 g - a wand of iceblast (10/15)
 h - a wand of enslavement (18/24)
 v - a wand of polymorph (18/24)
 z - a wand of iceblast (6/15)
 I - a wand of flame (23/48)
 J - a wand of flame (34/48)
Scrolls
 E - 2 scrolls of immolation
Potions
 f - a potion of lignification
 j - a potion of degeneration
 n - 2 potions of cancellation
 A - 3 potions of flight
Books
 c - a book of Minor Magic

   Spells                             Type                      Level
   a - Magic Dart                     Conjuration                  1
   b - Blink                          Translocation                2
   c - Call Imp                       Summoning                    2
   d - Repel Missiles                 Charms/Air                   2
   e - Slow                           Hexes                        2
   f - Conjure Flame                  Conjuration/Fire             3
   g - Mephitic Cloud                 Conjuration/Poison/Air       3
Comestibles
 d - 3 bread rations
 q - 5 fruits
 t - 8 meat rations


   Skills:
 - Level 9.1 Fighting
 - Level 9.1 Maces & Flails
 + Level 3.4 Armour
 + Level 4.1 Dodging
 - Level 1.5 Stealth
 - Level 3.5 Spellcasting
 - Level 3.0 Conjurations
   Level 0.6 Summonings
 - Level 0.6 Translocations


You had 10 spell levels left.
You knew the following spells:

 Your Spells              Type           Power        Failure   Level  Hunger
a - Magic Dart            Conj           ##..         4%          1    #......
b - Blink                 Tloc           N/A          14%         2    ##.....
c - Repel Missiles        Chrm/Air       #.....       24%         2    ##.....


Dungeon Overview and Level Annotations

Branches:
Dungeon (7/15)             Temple (0/1) D:6

Altars:
Cheibriados
Fedhas
Gozag
Hepliaklqana
Qazlal
Vehumet
The Shining One

Shops:
D:7 *


Innate Abilities, Weirdness & Mutations

You reflexively headbutt those who attack you in melee.
You have a pair of horns on your head.


Message History

You are more poisoned.
It was a potion of degeneration.
There was something very wrong with that liquid.
You feel weakened.
You feel dopey.
You feel clumsy.
* * * LOW HITPOINT WARNING * * *
You feel very sick.
The gnoll sergeant completely misses you.
You're too confused!
Okay, then.
You're too confused to move!
* * * LOW HITPOINT WARNING * * *
You feel very sick. The gnoll sergeant misses you.
You bump into the rock wall.
You feel less invigorated.
You feel less confused.
* * * LOW HITPOINT WARNING * * *
You feel very sick. The gnoll sergeant barely misses you.
You furiously retaliate!
You headbutt the gnoll sergeant, but do no damage.
You die...

......# ##.........# #.## #...
......# #..........# #..# ##.#
......# #..........# ##.# #.#
......# #..........# #.## #.#
......# #..........# #..# #.#
......# #..........# ##.## #.#
####### #..........# #..# #.#
.....######.###############.###.#
.....'......#gg)@...............#
.....########g##############.##.#
####'### ####'####### #.##.#
.......# #..gg....... #.##.#
.......# #.....g..... #.##.#
.......# #.........?. #..#.#
.......# #..........? ##.#.#
.......# #........... #...#
.......# #........... #######..#


You could see a gnoll sergeant and 2 gnolls.

Vanquished Creatures
  Pikel (D:7)
  Grinder (D:3)
  Prince Ribbit (D:7)
  Duvessa (D:7)
  An ice beast (D:5)
  A sky beast (D:7)
  2 ogres
  2 phantoms
  2 centaurs
  Dowan (D:7)
  A killer bee (D:7)
  4 howler monkeys
  3 crimson imps
  A bullfrog zombie (D:6)
  5 orc priests
  4 hounds
  A centaur skeleton (D:7)
  3 orc wizards
  A bullfrog skeleton (D:5)
  An iguana (D:6)
  Ijyb (D:2)
  5 worker ants
  A hound zombie (D:7)
  Robin (D:4)
  A howler monkey skeleton (D:4)
  2 gnolls (D:7)
  2 river rats (D:4)
  8 adders
  A shadow imp (D:7)
  An ooze (D:2)
  An adder zombie (D:5)
  2 worms
  3 dart slugs (D:1)
  6 leopard geckos
  27 orcs
  6 giant cockroaches
  12 goblins
  5 hobgoblins
  11 jackals
  3 quokkas
  5 bats
  2 frilled lizards
  4 kobolds
  10 rats
157 creatures vanquished.

Vanquished Creatures (others)
  3 slaves (D:7)
  A killer bee (D:7)
  A goblin (D:2)
  A plant (D:7)
6 creatures vanquished.

Grand Total: 163 creatures vanquished

Notes
Turn   | Place    | Note
-------+----------+-------------------------------------------
     0 | D:1      | Ijustatesigmund the Minotaur Wizard began the quest for the Orb.
     0 | D:1      | Reached XP level 1. HP: 14/14 MP: 2/2
   133 | D:1      | Reached skill level 1 in Fighting
   324 | D:1      | Reached skill level 1 in Maces & Flails
   324 | D:1      | Reached XP level 2. HP: 23/23 MP: 0/4
   730 | D:1      | Found a stormy altar of Qazlal.
  1245 | D:2      | Noticed Ijyb
  1257 | D:2      | Killed Ijyb
  1257 | D:2      | Reached skill level 1 in Armour
  1257 | D:2      | Reached XP level 3. HP: 30/30 MP: 1/5
  1581 | D:2      | Found a radiant altar of Vehumet.
  1848 | D:3      | Reached XP level 4. HP: 37/37 MP: 1/6
  1976 | D:3      | Noticed Grinder
  1984 | D:3      | Paralysed by Grinder for 6 turns
  1997 | D:3      | Paralysed by Grinder for 3 turns
  2140 | D:4      | Reached XP level 5. HP: 26/45 MP: 4/7
  2210 | D:4      | Found a snail-covered altar of Cheibriados.
  2249 | D:4      | You fall through a shaft!
  2249 | D:5      | Entered Level 5 of the Dungeon
  2590 | D:4      | Noticed Robin
  2607 | D:4      | Killed Robin
  2636 | D:4      | Reached XP level 6. HP: 7/53 MP: 8/8
  2917 | D:4      | Found a blossoming altar of Fedhas.
  3094 | D:4      | Reached skill level 5 in Fighting
  3342 | D:4      | Reached skill level 5 in Maces & Flails
  3511 | D:5      | Found a hazy altar of Hepliaklqana.
  3669 | D:5      | Reached XP level 7. HP: 41/62 MP: 7/9
  4559 | D:6      | Reached XP level 8. HP: 70/73 MP: 10/10
  4654 | D:3      | Found a glowing golden altar of the Shining One.
  4967 | D:3      | Paralysed by Grinder for 3 turns
  5006 | D:3      | Killed Grinder
  5657 | D:6      | Found a staircase to the Ecumenical Temple.
  6583 | D:7      | Found Cifeul's Assorted Antiques.
  6588 | D:7      | Bought a coppery potion for 26 gold pieces
  6588 | D:7      | Bought a scroll of remove curse for 87 gold pieces
  6726 | D:7      | Reached skill level 1 in Conjurations
  6731 | D:7      | Noticed Pikel
  6732 | D:7      | Noticed Dowan
  6733 | D:7      | Noticed Duvessa
  6752 | D:7      | Killed Pikel
  6752 | D:7      | Reached XP level 9. HP: 78/83 MP: 10/13
  6763 | D:7      | Killed Duvessa
  6769 | D:7      | Killed Dowan
  6950 | D:7      | Found an opulent altar of Gozag.
  7284 | D:7      | Upgraded the game from 0.19-a0-1922-g1e9a4c1 to 0.19-a0-1932-g59670f6
  7309 | D:7      | Noticed Prince Ribbit
  7320 | D:7      | Killed Prince Ribbit
  7416 | D:7      | Learned a level 2 spell: Blink
  7419 | D:7      | Learned a level 2 spell: Repel Missiles
  7848 | D:7      | HP: 2/83 [poisoned by a gnoll sergeant]
  7850 | D:7      | Succumbed to a gnoll sergeant's poison

Vault maps used:
D:1:      ncdulo_lavacross, kennysheep_flooded_box,
          minmay_misc_feat_secret_circle
D:2:      fiery_altar_vehumet, minmay_tetromino_l4, uniq_iyjb
D:3:      old_standard_altar, st_stairs_10, uniq_grinder
D:4:      lemuel_round_altar, gup_sewer_entry_bowl, fedhas_altar_3, uniq_robin
D:5:      kennysheep_mini_moat, first_bread
D:7:      grunt_gozag_breadcrumbs, serial_shops,
          nicolae_shop_overgrown_old_shop, uniq_pikel, uniq_prince_ribbit1,
          uniq_duvessa

Skill      XL: |  1  2  3  4  5  6  7  8  9 |
---------------+----------------------------+-----
Fighting       | 1 2 3 4 5 7 9 |  9.1
Maces & Flails | 1 2 3 4 5 7 9 |  9.1
Armour         | 1 3 |  3.4
Dodging        | 3 4 |  4.1
Conjurations   | 2 3 |  3.0
Spellcasting   | 3 |  3.5
Stealth        | |  1.5
Summonings     | |  0.6
Translocations | |  0.6

Action                   |  1- 3 |  4- 6 |  7- 9 || total
-------------------------+-------+-------+-------++-------
Melee: Unarmed           |    10 |       |       ||    10
       Club              |    44 |    47 |       ||    91
       Headbutt          |    11 |    29 |    64 ||   104
       Whip              |       |   195 |   199 ||   394
       Flail             |       |       |   177 ||   177
Throw: Tomahawk          |       |     1 |     7 ||     8
 Cast: Magic Dart        |    43 |    29 |     9 ||    81
       Repel Missiles    |       |       |     1 ||     1
  Use: Scroll            |     8 |     3 |     7 ||    18
       Potion            |     1 |     8 |     5 ||    14
 Stab: Sleeping          |       |     1 |       ||     1
  Eat: Chunk             |     4 |     5 |    10 ||    19
       Pizza             |       |     1 |     1 ||     2
       Royal jelly       |       |       |     1 ||     1
Armor: Leather armour    |    19 |   131 |    29 ||   179
       Scale mail        |       |     2 |   195 ||   197
Dodge: Dodged            |    46 |    74 |   115 ||   235
